 Dungeon Crawl Stone Soup version 0.26-a0-668-gd58323b419 (webtiles) character file.

Game seed: 13138397433097440587

84235 ringo67 the Spry (level 15, -3/127 HPs)
             Began as a Merfolk Gladiator on Oct 19, 2020.
             Was the Champion of Ashenzari.
             Killed from afar by a crystal guardian (37 damage)
             ... with a crystal bolt
             ... on level 12 of the Dungeon.
             The game lasted 01:21:44 (29983 turns).

ringo67 the Spry (Merfolk Gladiator)               Turns: 29983, Time: 01:21:45

Health: -3/127     AC: 29    Str: 18    XL:     15   Next: 79%
Magic:  15/15      EV: 23    Int: 11    God:    Ashenzari [******]
Gold:   2608       SH: 19    Dex: 17    Spells: 10/14 levels left

rFire    . . .     SeeInvis +   l - +4 spear (curse)
rCold    + . .     Faith    .   z - +0 tower shield (curse)
rNeg     . . .     Spirit   .   u - +2 chain mail {rC+} (curse)
rPois    +         Reflect  .   t - +1 helmet (curse)
rElec    +         Harm     .   r - +1 cloak {MR+} (curse)
rCorr    .         Rampage  .   i - +2 pair of gloves (curse)
MR       ++...     Clarity  +   (boots currently unavailable)
Stlth    ..........             C - amulet of the Assorted Tusks {rElec rPois Regen+ Int+2} (curse)
HPRegen  0.71/turn              Z - +4 ring of protection
MPRegen  0.14/turn              D - ring "Ifytoigreyrph" {EV+4 SInv}

@: very quick
A: change form in water, swift swim, stealthy swim
a: Curse Item, Scrying, Transfer Knowledge, Renounce Religion


You were on level 12 of the Dungeon.
You worshipped Ashenzari.
Ashenzari was exalted by your worship.
You visited 4 branches of the dungeon, and saw 21 of its levels.
You also visited: Sewer, Bailey and Gauntlet.

You collected 2608 gold pieces.

Inventory:

Hand Weapons
 l - a cursed +4 spear (weapon)
 K - a +0 vorpal trident
Missiles
 w - 22 poisoned darts
 U - 9 curare-tipped darts
 V - 28 javelins (quivered)
Armour
 i - a cursed +2 pair of gloves (worn)
 r - a cursed +1 cloak of magic resistance (worn)
 t - a cursed +1 helmet (worn)
 u - a cursed +2 chain mail of cold resistance (worn)
 y - a scarf of repulsion
 z - a cursed +0 tower shield (worn)
 R - the cursed +1 pair of boots of the Peculiar Allies (melded) {Str+2}
   (You found it in a bailey)

   It affects your strength (+2).
   It has a curse placed upon it.
Jewellery
 e - an uncursed ring of protection from fire
 B - the cursed amulet "Cuogo" {Acrobat +Fly MR++ Str+4 Int-5}
   (You acquired it on level 4 of the Lair of Beasts)

   [amulet of the acrobat]

   It helps you evade while moving and waiting.
   It affects your strength (+4).
   It affects your intelligence (-5).
   It affects your resistance to hostile enchantments.
   It lets you fly.
   It has a curse placed upon it.
 C - the cursed amulet of the Assorted Tusks (around neck) {rElec rPois Regen+ Int+2}
   (You found it on level 7 of the Dungeon)

   [amulet of regeneration]

   It affects your intelligence (+2).
   It insulates you from electricity.
   It protects you from poison.
   It increases your rate of regeneration.
   It has a curse placed upon it.
 D - the ring "Ifytoigreyrph" (right hand) {EV+4 SInv}
   (You found it in a Gauntlet)

   [ring of evasion]

   It affects your evasion (+4).
   It lets you see invisible.
 X - a +6 ring of intelligence
 Z - a +4 ring of protection (left hand)
Wands
 f - a wand of flame (20)
 A - a wand of acid (3)
 F - a wand of disintegration (56)
 H - a wand of iceblast (35)
 I - a wand of polymorph (8)
 O - a wand of paralysis (7)
 T - a wand of digging (7)
Scrolls
 a - 5 scrolls of identify
 g - 7 scrolls of teleportation
 m - 3 scrolls of enchant weapon
 n - 2 scrolls of enchant armour
 v - 3 scrolls of blinking
 x - 6 scrolls of amnesia
 E - 2 scrolls of fog
 M - 2 scrolls of vulnerability
 Q - 2 scrolls of magic mapping
 S - a scroll of remove curse
Potions
 b - 12 potions of flight
 c - 4 potions of heal wounds
 j - a potion of invisibility {unknown}
 k - 15 potions of curing
 o - 3 potions of degeneration
 p - 5 potions of might
 q - 5 potions of lignification
 s - 5 potions of brilliance
 L - 2 potions of haste
 N - 2 potions of stabbing {unknown}
 W - 3 potions of ambrosia {unknown}
Miscellaneous
 Y - a condenser vane (2/2)


   Skills:
 + Level 14.7 Fighting
 - Level 13.5(17.6) Polearms
 - Level 2.0 Throwing
 - Level 10.7(16.2) Armour
 + Level 17.3 Dodging
 + Level 10.8(13.6) Shields
 + Level 0.8 Summonings
 + Level 1.0 Ice Magic


You had 10 spell levels left.
You knew the following spells:

 Your Spells              Type           Power        Failure   Level
a - Summon Ice Beast      Ice/Summ       #.......     100%        4

Your spell library contained the following spells:

 Spells                   Type           Power        Failure   Level
 Freeze                   Ice            #...         99%         1
 Animate Skeleton         Necr           #.....       100%        1
 Pain                     Necr           #...         100%        1
 Sandblast                Erth           #.....       100%        1
 Passwall                 Tmut/Erth      #.......     100%        2
 Frozen Ramparts          Ice            #.....       100%        3
 Ozocubu's Armour         Ice            #.......     100%        3
 Stone Arrow              Conj/Erth      #.....       100%        3
 Vampiric Draining        Necr           #.........   100%        3
 Animate Dead             Necr           #.........   100%        4
 Hailstorm                Conj/Ice       #.......     100%        4
 Petrify                  Tmut/Erth      #.......     100%        4
 Agony                    Necr           #.......     100%        5
 Lee's Rapid Deconstruct  Erth           #.........   100%        5


Dungeon Overview and Level Annotations

Branches:
Dungeon (12/15)            Temple (1/1) D:5            Lair (6/6) D:11
 Shoals (0/4) Lair:4        Snake (0/4) Lair:3        Slime (0/5) Lair:5
    Orc (2/2) D:9             Elf (0/3) Orc:2         Sewer (visited)
 Bailey (visited)         Gauntlet (visited)

Altars:
Ashenzari
Cheibriados
Dithmenos
Elyvilon
Fedhas
Gozag
Hepliaklqana
Kikubaaqudgha
Makhleb
Nemelex Xobeh
Qazlal
Ru
Sif Muna
Trog
Uskayaw
Wu Jian
Xom
Yredelemnul
Zin
The Shining One
Jiyva

Shops:
D:9 !   Orc:2 *(!}(=

Annotations:
D:12 exclusion: orange crystal statue
Lair:1 exclusion: oklob plant
Lair:2 exclusion: 4 oklob plants
Lair:3 1 runed translucent door, Weamneng's ghost, journeyman TeHu


Message History

The crystal guardian is severely damaged.
You are engulfed in a cloud of scalding steam.
* * * LOW HITPOINT WARNING * * *
You completely miss the crystal guardian.
The crystal guardian is severely damaged.
You are engulfed in a cloud of scalding steam.
The crystal guardian fires a crystalline bolt at you.
The crystal bolt misses you.
You hit the crystal guardian.
The crystal guardian is almost destroyed.
You are engulfed in a cloud of scalding steam.
You hit the crystal guardian.
The crystal guardian is almost destroyed.
You are engulfed in a cloud of scalding steam.
You block the crystal guardian's attack.
You hit the crystal guardian but do no damage.
The crystal guardian is almost destroyed.
The crystal guardian fires a crystalline bolt at you.
The crystal bolt burns you!!!
You die...

#≈#,∆,$.)...##≈.#.#.
#≈#∆,,.?/..$##≈.#.#.
#÷#,∆ $8...='≈≈.#(..
#≈#∆∆,}...?.##≈.....
#≈#,,,...}..##≈.####
#≈# ∆∆..[..)*#≈.# #
#≈# ,.[$$(,*#≈)####
#≈############≈.....
#≈8@≈§§≈≈≈≈≈{≈≈.####
#####§§.........#
#############


You could see a crystal guardian.

Vanquished Creatures
  A stone giant (Orc:1)
  A minotaur (Gauntlet)
  A dire elephant (Lair:6)
  A crystal guardian (D:12)
  Fannar (Lair:2)
  A catoblepas (Lair:6)
  9 hydras
  A boulder beetle (Lair:5)
  A centaur warrior (D:11)
  2 two-headed ogres (D:11)
  8 death yaks
  A deep troll shaman (Lair:6)
  4 orc high priests (Orc:2)
  Sonja (Lair:2)
  Nergalle (D:9)
  2 unseen horrors
  2 wizards (Gauntlet)
  Pikel (D:5)
  5 orc knights
  6 orc sorcerers
  An ugly thing (D:9)
  2 oklob plants
  2 merfolk sirens (Lair:4)
  10 black mambas
  Joseph (D:8)
  22 elephants
  2 torpor snails
  18 cane toads
  A rime drake (shapeshifter) (Gauntlet)
  3 rime drakes
  Maggie (D:6)
  10 komodo dragons
  A queen bee (Lair:2)
  A hornet (D:10)
  A polar bear (Lair:6)
  24 blink frogs
  A meliai zombie (D:11)
  15 dream sheep
  A wraith (D:11)
  Sigmund (D:6)
  36 yaks
  Eustachio (D:5)
  Grum (Lair:1)
  3 wyverns
  A steam dragon (Lair:2)
  6 basilisks
  Menkaure (D:6)
  2 nagas (Lair:3)
  Duvessa (D:4)
  Edmund (D:5)
  2 soldier ants
  19 water moccasins
  A hornet zombie (D:10)
  26 orc warriors
  5 ice beasts
  2 sky beasts
  5 black bears
  An eye of draining (D:10)
  9 ogres
  4 phantoms
  7 centaurs
  18 wolves
  3 lemures (D:5)
  24 bullfrogs
  A big kobold (Sewer)
  Blork the orc (D:5)
  Dowan (D:4)
  2 scorpions
  37 killer bees
  10 wights (D:10)
  A howler monkey (shapeshifter) (Gauntlet)
  3 electric eels
  2 howler monkeys (D:7)
  2 jellies (D:10)
  10 hounds
  22 orc wizards
  A bullfrog skeleton (D:10)
  10 orc priests
  4 centaur skeletons
  A gnoll shaman (D:5)
  3 iguanas
  4 hell rats (Lair:5)
  9 worker ants
  2 hound zombies
  2 hound skeletons
  2 worker ant zombies
  Robin (D:3)
  8 gnolls
  14 adders
  A howler monkey skeleton (D:11)
  6 river rats
  5 shadow imps
  4 white imps
  4 ufetubi
  An ooze (Sewer)
  2 adder zombies
  2 adder skeletons
  3 worms
  5 leopard geckos
  54 orcs
  9 giant cockroaches
  20 goblins
  7 hobgoblins
  14 jackals
  34 kobolds
  4 quokkas
  8 ball pythons
  4 bats
  5 frilled lizards (D:2)
  2 leopard gecko skeletons
  24 rats
718 creatures vanquished.

Vanquished Creatures (others)
  3 death yaks
  An orc wizard (Orc:2)
  2 orcs (Orc:1)
  46 fungi
  44 plants
  5 withered plants (Gauntlet)
101 creatures vanquished.

Grand Total: 819 creatures vanquished

Notes
Turn   | Place    | Note
-------+----------+-------------------------------------------
     0 | D:1      | ringo67 the Merfolk Gladiator began the quest for the Orb.
     0 | D:1      | Reached XP level 1. HP: 16/16 MP: 1/1
   179 | D:1      | Reached XP level 2. HP: 23/23 MP: 2/2
   894 | D:2      | Reached skill level 5 in Polearms
   910 | D:2      | Reached XP level 3. HP: 27/28 MP: 3/3
  1219 | D:2      | Found a sacrificial altar of Ru.
  1491 | D:2      | Found a blossoming altar of Fedhas.
  1503 | D:2      | Found a bloodstained altar of Trog.
  1694 | D:2      | Found a shimmering blue altar of Sif Muna.
  1758 | D:3      | Reached skill level 1 in Armour
  1790 | D:3      | Found a stormy altar of Qazlal.
  1814 | D:3      | Reached XP level 4. HP: 34/34 MP: 4/4
  2119 | D:3      | Found a basalt altar of Yredelemnul.
  2144 | D:3      | Found a shimmering altar of Xom.
  2145 | D:3      | Found a shimmering altar of Xom.
  2145 | D:3      | Found a shimmering altar of Xom.
  2145 | D:3      | Found a shimmering altar of Xom.
  2149 | D:3      | Found a shimmering altar of Xom.
  2426 | D:3      | Reached XP level 5. HP: 41/41 MP: 5/5
  2528 | D:3      | Noticed Robin
  2580 | D:3      | Killed Robin
  2716 | D:4      | Noticed a phantom
  2719 | D:4      | Reached skill level 5 in Dodging
  2720 | D:4      | Noticed a phantom
  2761 | D:3      | Killed a phantom
  2761 | D:3      | Reached XP level 6. HP: 32/47 MP: 6/6
  3009 | D:3      | Killed a phantom
  3334 | D:4      | Found a glowing drain.
  3353 | Sewer    | Entered a sewer
  3475 | Sewer    | Reached XP level 7. HP: 53/54 MP: 7/7
  3921 | D:4      | Found a glowing golden altar of the Shining One.
  3962 | D:4      | Reached skill level 6 in Dodging
  4015 | D:4      | Noticed Duvessa
  4028 | D:4      | Noticed Dowan
  4040 | D:4      | Killed Duvessa
  4288 | D:4      | Killed Dowan
  4593 | D:5      | Entered Level 5 of the Dungeon
  4606 | D:5      | Noticed Blork the orc
  4632 | D:5      | Killed Blork the orc
  4632 | D:5      | Reached XP level 8. HP: 60/61 MP: 8/8
  4916 | D:5      | Reached skill level 5 in Fighting
  5132 | D:5      | Found a staircase to the Ecumenical Temple.
  5154 | Temple   | Entered the Ecumenical Temple
  5196 | Temple   | Became a worshipper of Ashenzari the Shackled
  5283 | D:5      | Noticed Eustachio
  5310 | D:5      | Killed Eustachio
  5310 | D:5      | Reached skill level 10 in Polearms
  5310 | D:5      | Reached skill level 7 in Dodging
  5352 | D:5      | Noticed Edmund
  5393 | D:5      | Killed Edmund
  5593 | D:5      | Noticed Pikel
  5635 | D:5      | Killed Pikel
  5635 | D:5      | Reached XP level 9. HP: 63/69 MP: 9/9
  5678 | D:5      | Found a blossoming altar of Fedhas.
  5846 | D:5      | Found an ornate altar of the Wu Jian Council.
  6009 | D:6      | Reached skill level 8 in Dodging
  6082 | D:6      | Found a burning altar of Makhleb.
  6255 | D:6      | Noticed Sigmund
  6274 | D:6      | Killed Sigmund
  6512 | D:6      | Noticed Menkaure
  6537 | D:6      | Killed Menkaure
  6731 | D:6      | Noticed Maggie
  6754 | D:6      | Killed Maggie
  7178 | D:6      | Reached skill level 9 in Dodging
  7405 | D:6      | Reached XP level 10. HP: 71/79 MP: 10/10
  7736 | D:7      | Reached * piety under Ashenzari
  7784 | D:7      | Identified the amulet of the Assorted Tusks {rElec rPois
                  | Regen+ Int+2}
  8452 | D:7      | Found a white marble altar of Elyvilon.
  8700 | D:8      | Noticed Joseph
  8714 | D:8      | Reached skill level 5 in Armour
  8740 | D:8      | Killed Joseph
  8867 | D:8      | Reached skill level 10 in Dodging
  9682 | D:9      | Found a glowing silver altar of Zin.
  9695 | D:9      | Found Resutwet's Distillery.
  9703 | D:9      | Reached ** piety under Ashenzari
  9881 | D:9      | Found a staircase to the Orcish Mines.
  9972 | D:9      | Found a snail-covered altar of Cheibriados.
 10080 | D:9      | Noticed a brown ugly thing
 10268 | D:9      | Killed a cyan ugly thing
 10268 | D:9      | Reached skill level 1 in Shields
 10621 | D:10     | Entered Level 10 of the Dungeon
 10621 | D:10     | Noticed Nergalle
 10657 | D:9      | Killed Nergalle
 10657 | D:9      | Reached XP level 11. HP: 59/87 MP: 11/11
 10969 | D:10     | Reached skill level 11 in Dodging
 12046 | D:10     | Killed an unseen horror
 12490 | D:11     | Found a flagged portal.
 12503 | Bailey   | Entered a bailey
 12642 | Bailey   | Got the uncursed pair of boots of the Peculiar Allies
                  | {Str+2}
 12914 | Bailey   | Noticed an orc knight
 12944 | Bailey   | Killed an orc knight
 13275 | D:11     | Noticed a two-headed ogre
 13297 | D:11     | Killed a two-headed ogre
 13297 | D:11     | Reached skill level 10 in Fighting
 13297 | D:11     | Reached skill level 12 in Dodging
 13309 | D:11     | Identified the +1 pair of boots of the Peculiar Allies
                  | {Str+2} (You found it in a bailey)
 13396 | D:11     | Killed an unseen horror
 13396 | D:11     | Reached skill level 5 in Shields
 13396 | D:11     | Reached XP level 12. HP: 50/97 MP: 12/12
 13478 | D:11     | Noticed an eight-headed hydra
 13537 | D:11     | HP: 3/97 [eight-headed hydra (4)]
 13542 | D:11     | Killed an eight-headed hydra
 13788 | D:11     | Found a staircase to the Lair.
 14115 | D:11     | Noticed a centaur warrior
 14133 | D:11     | Killed a centaur warrior
 14210 | D:11     | Noticed a two-headed ogre
 14222 | D:11     | Killed a two-headed ogre
 14324 | Lair:1   | Entered Level 1 of the Lair of Beasts
 14424 | Lair:1   | Noticed Grum
 14440 | Lair:1   | Killed Grum
 14569 | Lair:1   | Reached *** piety under Ashenzari
 14674 | Lair:1   | Reached skill level 13 in Dodging
 15811 | Lair:2   | Noticed a four-headed hydra
 16033 | Lair:2   | Noticed Fannar
 16481 | Lair:2   | Killed Fannar
 16618 | Lair:2   | Reached XP level 13. HP: 100/106 MP: 13/13
 17110 | Lair:2   | Reached skill level 14 in Dodging
 17611 | Lair:2   | Noticed Sonja
 17621 | Lair:2   | Killed Sonja
 18657 | Lair:3   | Reached **** piety under Ashenzari
 18682 | Lair:3   | Found a gate leading to a gauntlet.
 18718 | Gauntlet | Entered a Gauntlet
 18718 | Gauntlet | Found a transporter.
 18718 | Gauntlet | Found a transporter.
 18718 | Gauntlet | Found a transporter.
 18719 | Gauntlet | Found a transporter.
 18722 | Gauntlet | Found a transporter.
 18724 | Gauntlet | Found a large runed translucent door.
 18725 | Gauntlet | Found a large runed translucent door.
 18727 | Gauntlet | Found a large runed translucent door.
 18727 | Gauntlet | Found a large runed translucent door.
 18728 | Gauntlet | Found a runed translucent door.
 18728 | Gauntlet | Found a large runed translucent door.
 18735 | Gauntlet | Found a transporter.
 18742 | Gauntlet | Found a transporter.
 18746 | Gauntlet | Found a transporter.
 18747 | Gauntlet | Found a transporter.
 18767 | Gauntlet | Found a large runed translucent door.
 18768 | Gauntlet | Found a large runed translucent door.
 18769 | Gauntlet | Found a large runed translucent door.
 18771 | Gauntlet | Found a runed translucent gate.
 18779 | Gauntlet | Found a transporter.
 18795 | Gauntlet | Found a transporter.
 18871 | Gauntlet | Found a transporter.
 18871 | Gauntlet | Found a runed translucent gate.
 18872 | Gauntlet | Found a runed translucent gate.
 18873 | Gauntlet | Identified the ring "Ifytoigreyrph" {EV+4 SInv}
 18873 | Gauntlet | Found a large runed translucent door.
 18873 | Gauntlet | Found a large runed translucent door.
 18874 | Gauntlet | Found a large runed translucent door.
 18875 | Gauntlet | Found a large runed translucent door.
 18884 | Gauntlet | Found a large runed translucent door.
 18884 | Gauntlet | Found a large runed translucent door.
 18884 | Gauntlet | Found a runed translucent door.
 18885 | Gauntlet | Found a large runed translucent door.
 18886 | Gauntlet | Found a large runed translucent door.
 19025 | Gauntlet | Paralysed by a wizard for 7 turns
 19114 | Gauntlet | Noticed a minotaur
 19140 | Gauntlet | Killed a minotaur
 19646 | Lair:3   | Found a staircase to the Snake Pit.
 19756 | Lair:3   | Found a runed translucent door.
 19756 | Lair:3   | Noticed Weamneng's ghost (journeyman TeHu)
 19911 | Lair:3   | Reached ***** piety under Ashenzari
 20203 | Lair:4   | Reached skill level 15 in Dodging
 20524 | Lair:4   | Reached XP level 14. HP: 106/116 MP: 14/14
 20816 | Lair:4   | Identified a scroll of acquirement
 20816 | Lair:4   | Acquired the cursed amulet "Cuogo" {Acrobat +Fly MR++ Str+4
                  | Int-5}
 21116 | Lair:4   | Found a staircase to the Shoals.
 21914 | Lair:5   | Found a viscous altar of Jiyva.
 21914 | Lair:5   | Found a staircase to the Slime Pits.
 22575 | Lair:5   | Identified the +8 dagger "Rocutukh" {speed, Str+4 Dex+2
                  | Stlth-}
 22929 | Lair:6   | Entered Level 6 of the Lair of Beasts
 23008 | Lair:6   | Reached skill level 16 in Dodging
 23662 | Lair:6   | Reached skill level 10 in Armour
 24130 | Lair:6   | Reached ****** piety under Ashenzari
 24331 | Lair:6   | Reached XP level 15. HP: 60/125 MP: 15/15
 25069 | Lair:6   | Reached skill level 10 in Shields
 26173 | Orc:1    | Entered Level 1 of the Orcish Mines
 26401 | Orc:1    | Reached skill level 17 in Dodging
 26936 | Orc:2    | Entered Level 2 of the Orcish Mines
 27104 | Orc:2    | Found Adal's Jewellery Shoppe.
 27201 | Orc:2    | Found Owomnag's General Store.
 27550 | Orc:2    | Found a staircase to the Elven Halls.
 27744 | Orc:2    | Paralysed by an orc sorcerer for 6 turns
 28873 | Orc:2    | Found Xiki's Distillery.
 28873 | Orc:2    | Found Davae's Weapon Shop.
 28876 | Orc:2    | Found Docaag's Antique Weapon Emporium.
 28876 | Orc:2    | Found Zaedit's Gadget Emporium.
 29197 | Orc:1    | Learned a level 4 spell: Summon Ice Beast
 29375 | D:12     | Found a runed translucent door.
 29377 | D:12     | Identified the ring "Faymec" {rElec rF+ rC+ rN+}
 29449 | D:12     | Identified the +1 ring mail of Defence {Regen+ MP-9 Str+2}
 29644 | D:12     | Reached skill level 1 in Ice Magic
 29983 | D:12     | Killed from afar by a crystal guardian

Illustrated notes

Levels and vault maps discovered:
D:1:      dpeg_arrival_solitude, layout_basic
D:2:      layout_loops_ring, nicolae_overflow_quartered_altars, serial_bayou,
          serial_bayou_shore_b, serial_bayou_lagoon_a, serial_bayou_pond_d,
          serial_bayou_crossing, minmay_misc_feat_cross, feat_on_display
D:3:      kennysheep_goblin_castle, layout_basic,
          nicolae_overflow_crystal_walls, yredelemnul_altar_generic,
          xom_redecorated
D:4:      layout_cave_pools, old_standard_altar, gup_sewer_entry_pipe,
          uniq_duvessa
D:5:      layout_cave_pools, kennysheep_little_box, minmay_temple_entry_glass,
          kennysheep_cluttered_room, fedhas_bush_and_centaur_altar, uniq_edmund,
          uniq_blork_the_orc, uniq_eustachio, uniq_pikel
D:6:      layout_basic, overflow_temple_1_default, uniq_maggie, uniq_sigmund,
          uniq_menkaure
D:7:      hangedman_cross_stitches, layout_basic, basic_altar
D:8:      layout_cave_pools, uniq_joseph
D:9:      layout_roguey, old_standard_altar, cheibrodos_worm_habitat,
          orc_0_dummy, serial_shops, shop_statue
D:10:     layout_roguey, hangedman_pestilent_swarm, uniq_nergalle
D:11:     layout_gridville, david_lair_generic, enter_bailey_6,
          nicolae_benzene_ring
D:12:     wad_bat_island, layout_stronghold, basic_altar, minmay_holes,
          minmay_crystal_box
Temple:   cyrus_temple_forest
Lair:1:   layout_regular_city, minmay_lair_oklob_bushes, grunt_megastairs_4,
          uniq_grum
Lair:2:   hangedman_what_comes_after_a, layout_layer_cave,
          nicolae_quartered_pool_super, minmay_lair_oklob_items, st_stairs_3,
          uniq_fannar, uniq_sonja
Lair:3:   layout_small_grid, minmay_snake_entry_guardpost_small,
          gauntlet_entry_generic, ebering_ghost_reflecting_pool,
          beast_lair_carwin_8
Lair:4:   beast_lair_carwin_large_1, layout_regular_city,
          elwin_shoals_entry_rooms
Lair:5:   layout_regular_city, dpeg_slime_entry_enclosed_altar
Lair:6:   grunt_lair_end_beastmaster, layout_long_grid
Orc:1:    layout_caves
Orc:2:    st_orc_elflike, layout_diamond_mine, serial_shops,
          nicolae_shop_behind_doors, shop_statue

Skill      XL: |  1  2  3  4  5  6  7  8  9 10 11 12 13 14 15 |
---------------+----------------------------------------------+-----
Polearms       | 5 6 7 9 11 12 13 | 13.5
Armour         | 1 2 3 4 5 6 8 9 10 | 10.7
Fighting       | 3 4 6 7 8 10 11 12 13 14 | 14.7
Dodging        | 5 6 7 9 10 12 13 15 16 17 | 17.3
Shields        | 2 5 6 8 9 10 | 10.8
Ice Magic      | 1 |  1.0
Throwing       | |  2.0
Summonings     | |  0.8

Action                   |  1- 3 |  4- 6 |  7- 9 | 10-12 | 13-15 || total
-------------------------+-------+-------+-------+-------+-------++-------
Melee: Trident           |    87 |       |       |       |       ||    87
       Spear             |    51 |   231 |   515 |  1766 |  3223 ||  5786
       Tailslap          |       |    10 |     4 |     7 |    37 ||    58
Throw: Throwing net      |       |       |     4 |     1 |       ||     5
       Dart              |       |       |       |    24 |    13 ||    37
       Javelin           |       |       |       |       |     9 ||     9
Invok: Curse Item        |       |       |     3 |     3 |     2 ||     8
Evoke: Wand              |       |       |       |     5 |     1 ||     6
  Use: Scroll            |       |     9 |       |     5 |    16 ||    30
       Potion            |       |       |       |     5 |       ||     5
 Stab: Sleeping          |     4 |       |     4 |     2 |     4 ||    14
       Held in net/web   |       |       |     5 |       |       ||     5
       Distracted        |       |       |       |     2 |       ||     2
       Petrified         |       |       |       |       |    44 ||    44
       Petrifying        |       |       |       |       |     1 ||     1
Armor: Leather armour    |    30 |    57 |    83 |   231 |   310 ||   711
       Chain mail        |       |       |       |       |    47 ||    47
Dodge: Dodged            |    65 |   110 |   119 |   495 |  1241 ||  2030
Block: Tower shield      |       |       |   106 |   748 |  2007 ||  2861

Table legend: (Time is in decaauts)
 A = Elapsed time spent in this place.
 B = Non-inter-level travel time spent in this place.
 C = Inter-level travel time spent in this place.
 D = Time resting spent in this place.
 E = Time spent auto-exploring this place.
 F = Levels seen in this place.
 G = Mean time per level.
                   A        B        C        D        E       F      G
               +--------+--------+--------+--------+--------+-----+--------+
         Total |  27593 |  26566 |   1027 |   7448 |  10457 |  24 | 1149.7 |
       Dungeon |  13066 |  12664 |    402 |   3540 |   5780 |  12 | 1088.8 |
        Temple |     80 |     55 |     25 |      0 |     17 |   1 |   80.0 |
          Lair |  10087 |   9651 |    436 |   3027 |   3534 |   6 | 1681.2 |
  Orcish Mines |   2781 |   2618 |    163 |    660 |    857 |   2 | 1390.5 |
         Sewer |    417 |    417 |      0 |      0 |    177 |   1 |  417.0 |
        Bailey |    609 |    609 |      0 |     98 |     91 |   1 |  609.0 |
      Gauntlet |    550 |    550 |      0 |    123 |      0 |   1 |  550.0 |
               +--------+--------+--------+--------+--------+-----+--------+

Top non-repeatable levels by time:
  Lair:2: 2363 daAuts
  Lair:6: 2071 daAuts
  Lair:5: 1847 daAuts
   Orc:2: 1750 daAuts
     D:3: 1700 daAuts
  Lair:1: 1672 daAuts
    D:10: 1539 daAuts
     D:6: 1439 daAuts
  Lair:4: 1252 daAuts
     D:9: 1236 daAuts
     D:5: 1186 daAuts
    D:11: 1160 daAuts
     D:7: 1118 daAuts
     D:2: 1047 daAuts
   Orc:1: 1031 daAuts
